 Dungeon Crawl Stone Soup version 0.28.0-45-g0d030f2227 (webtiles) character file.

Game seed: 17448227346538550205

113 MalarOregon the Skirmisher (level 4, -1/38 HPs)
             Began as a Palentonga Fighter on Apr 22, 2022.
             Was a Follower of Qazlal.
             Slain by an ogre
             ... wielding a +0 giant club
              (19 damage)
             ... on level 4 of the Dungeon.
             The game lasted 00:06:30 (3057 turns).

MalarOregon the Skirmisher (Palentonga Fighter)     Turns: 3057, Time: 00:06:31

Health: -1/38      AC: 10    Str: 18    XL:     4   Next: 65%
Magic:  5/5        EV:  8    Int: 15    God:    Qazlal [*.....]
Gold:   156        SH:  6    Dex:  9    Spells: 1/4 levels left

rFire   . . .      SeeInvis +   a - +0 war axe
rCold   + . .      Faith    .   c - +0 buckler
rNeg    + . .      Spirit   .   p - +6 leather armour of the Serpent {rC+ Str-2 Int+5}
rPois   .          Reflect  .   (no helmet)
rElec   .          Harm     .   (no cloak)
rCorr   .          Rampage  .   (no gloves)
Will    .....                   (no barding)
Stlth   +.........              (no amulet)
HPRegen 0.12/turn               j - ring of positive energy
MPRegen 0.09/turn               (no ring)

@: mighty
A: large, rugged brown scales 3, see invisible, deformed body, roll 1, armoured
tail
a: Rolling Charge, Renounce Religion


You were on level 4 of the Dungeon.
You worshipped Qazlal.
Qazlal was aware of your devotion.
You visited 2 branches of the dungeon, and saw 5 of its levels.

You collected 156 gold pieces.


Innate Abilities, Weirdness & Mutations

You are completely covered in rugged brown scales. (AC +3, +7% HP)
You have supernaturally acute eyesight. (SInv)
Armour fits poorly on your strangely shaped body.
You can roll at nearby foes to attack.
You have a long armoured tail.


   Skills:
 * Level 3.6 Fighting
 * Level 2.7 Axes
 * Level 2.9 Armour
 + Level 0.6 Dodging
 * Level 3.0 Shields
 + Level 0.9 Spellcasting
 + Level 0.4 Necromancy


You had one spell level left.
You knew the following spells:

 Your Spells              Type           Power      Damage    Failure   Level
q - Vampiric Draining     Necr           1%         2d6       67%         3

Your spell library contained the following spells:

 Spells                   Type           Power      Damage    Failure   Level
 Slow                     Hex            0%         N/A       36%         1
 Sublimation of Blood     Necr           1%         N/A       43%         2
 Wereblood                Tmut           0%         N/A       50%         2
 Confusing Touch          Hex            0%         N/A       73%         3
 Summon Hydra             Summ           0%         N/A       100%        7

Inventory:

Hand Weapons
 a - a +0 war axe (weapon)
Armour
 c - a +0 buckler (worn)
 p - the +6 leather armour of the Serpent (worn) {rC+ Str-2 Int+5}
   (You found it on level 3 of the Dungeon)

   Str:       It affects your strength (-2).
   Int:       It affects your intelligence (+5).
   rC:        It protects you from cold.
Jewellery
 j - a ring of positive energy (left hand)
   (You found it on level 3 of the Dungeon)
Scrolls
 e - 2 scrolls of amnesia {unknown}
 g - 4 scrolls of enchant weapon {unknown}
 i - a scroll of vulnerability {unknown}
 k - a scroll of silence {unknown}
 l - a scroll of blinking {unknown}
 m - a scroll of noise {unknown}
 n - a scroll of identify {unknown}
 o - a scroll of fog {unknown}
Potions
 b - a potion of flight {unknown}
 d - 2 potions of might
 f - a potion of cancellation {unknown}
 h - a potion of haste {unknown}

Dungeon Overview and Level Annotations

Branches:
Dungeon (4/15)             Temple (1/1) D:4

Altars:
Ashenzari
Cheibriados
Dithmenos
Elyvilon
Gozag
Makhleb
Nemelex Xobeh
Okawaru
Qazlal
Ru
Trog
Uskayaw
Wu Jian
Yredelemnul
Zin
The Shining One

#..........#
#.#
#.##.#####.#
#.#
#...(....g.#
#.#
O...##.####..#
#.# #.####.#
#.# #. ..# #.#
# .## #.# .
#O# #. #@# #.#
#.# #.# #.#
#.# #.# #.#


You could see an ogre.


Message History

There is a stone staircase leading up here.
Key pressed, stopping explore.
An endoplasm comes into view.
The endoplasm quivers.
The endoplasm jiggles.
You block the endoplasm's attack.
You slash the endoplasm!
You kill the endoplasm!
Qazlal accepts your kill.
No target in view!
No target in view!
Found 8 gold pieces.
Found 7 gold pieces.
You now have 120 gold pieces (gained 8).
Found a runed spear.
You now have 127 gold pieces (gained 7).
A rat comes into view.
A rat is nearby!
You barely miss the rat. You tail-slap the rat.
You kill the rat!
Qazlal accepts your kill.
No target in view!
Things that are here:
4 stones; a +0 whip Key pressed, stopping explore.
You see here a +0 short sword of draining.
Found a scale mail.
Found a stone staircase leading down.
A giant cockroach comes into view.
A giant cockroach is nearby!
You closely miss the giant cockroach.
Your tail-slap misses the giant cockroach.
The giant cockroach barely misses you.
The giant cockroach bites you but does no damage.
You closely miss the giant cockroach. You block the giant cockroach's attack.
You hit the giant cockroach but do no damage.
The giant cockroach waves its antennae.
The giant cockroach closely misses you.
The giant cockroach completely misses you.
You hit the giant cockroach.
The giant cockroach barely misses you. x2
You closely miss the giant cockroach. The giant cockroach closely misses you.
You slash the giant cockroach!
You kill the giant cockroach!
Qazlal accepts your kill.
No target in view!
Found a stone staircase leading up.
Found a leather armour.
Found an orange potion.
There is a stone staircase leading up here.
b - an orange potion A ball python comes into view.
The ball python hisses angrily.
A ball python is nearby!
You closely miss the ball python. You tail-slap the ball python.
You kill the ball python!
Qazlal accepts your kill.
No target in view!
No target in view!
Key pressed, stopping explore.
Found 11 gold pieces.
You now have 138 gold pieces (gained 11).
You see here a +0 leather armour.
Key pressed, stopping explore.
There is a stone staircase leading up here.
A goblin comes into view. It is wielding a +0 club.
The goblin shouts!
You hit the goblin. You block the goblin's attack.
You hit the goblin.
You kill the goblin!
Qazlal accepts your kill.
No target in view!
You now have 156 gold pieces (gained 18).
You see here a +0 club.
Done exploring.
Done exploring.
There is an escape hatch in the floor here.
There is a stone staircase leading down here.
You climb downwards.
Found 27 stones.
Found a stone staircase leading down.
There is a stone staircase leading up here.
You see here 27 stones.
Found 22 stones.
An ogre and a goblin come into view.
The ogre shouts!
The goblin shouts!
There's nothing you can charge at!
You aren't carrying any items that you can evoke.
Roll where?
Press: ? - help, Dir - move target, f - ogre
Aim: an ogre, wielding a +0 giant club You roll forward with a clatter of scales!
You barely miss the ogre. You tail-slap the ogre.
The ogre hits you with a +0 giant club!
You slash the ogre! You barely miss the goblin.
The ogre hits you with a +0 giant club!
* * * LOW HITPOINT WARNING * * *
The goblin hits you but does no damage.
You feel very mighty all of a sudden.
You barely miss the ogre.
The ogre hits you with a +0 giant club!!
Ouch! That really hurt!
You die...

Skill      XL: |  1  2  3  4 |
---------------+-------------+-----
Shields        | 3 |  3.0
Fighting       | |  3.6
Axes           | |  2.7
Armour         | |  2.9
Dodging        | |  0.6
Spellcasting   | |  0.9
Necromancy     | |  0.4

Action                   |  1- 3 |  4- 6 || total
-------------------------+-------+-------++-------
Melee: War axe           |    77 |    72 ||   149
       Tailslap          |     6 |    10 ||    16
 Abil: Rolling Charge    |       |     6 ||     6
  Use: Potion            |       |     1 ||     1
Armor: Scale mail        |    32 |    29 ||    61
       Leather armour    |       |     3 ||     3
Dodge: Dodged            |    22 |    38 ||    60
Block: Buckler           |    12 |    13 ||    25

Levels and vault maps discovered:
D:1:      moated_graveyard_arrival, layout_rooms,
          shapermc_ecumenical_altar_starsandcircs
D:2:      layout_basic, grunt_ministairs_15
D:3:      layout_basic
D:4:      layout_loops_ring, minmay_temple_entry_statues_fountains,
          ebering_ghost_rock_garden
Temple:   lightli_temple_of_artemis

Notes
Turn   | Place    | Note
-------+----------+-------------------------------------------
     0 | D:1      | MalarOregon the Palentonga Fighter began the quest for the
                  | Orb.
     0 | D:1      | Reached XP level 1. HP: 19/19 MP: 1/1
   155 | D:1      | Found a faded altar of an unknown god.
   218 | D:1      | Reached XP level 2. HP: 21/25 MP: 2/2
   461 | D:2      | You fall into a shaft and drop 2 floors!
   514 | D:4      | Found a staircase to the Ecumenical Temple.
   533 | Temple   | Entered the Ecumenical Temple
   620 | Temple   | Became a worshipper of Qazlal Stormbringer
   655 | D:4      | Reached XP level 3. HP: 24/31 MP: 2/4
   897 | D:2      | You pick up a book of Blood and begin reading...
   897 | D:2      | You add the spells Sublimation of Blood, Wereblood and
                  | Summon Hydra to your library.
  1090 | D:2      | You pick up a book of Debilitation and begin reading...
  1090 | D:2      | You add the spells Slow, Vampiric Draining and Confusing
                  | Touch to your library.
  1095 | D:2      | Learned a level 3 spell: Vampiric Draining
  1370 | D:2      | Reached XP level 4. HP: 30/37 MP: 5/5
  1944 | D:2      | Reached * piety under Qazlal
  2099 | D:3      | Reached skill level 3 in Shields
  2259 | D:3      | Identified the +6 leather armour of the Serpent {rC+ Str-2
                  | Int+5}
  3005 | D:4      | Noticed an ogre
  3057 | D:4      | Slain by an ogre

Vanquished Creatures
  A bullfrog skeleton (D:4)
  An adder (D:2)
  2 worms
  3 dart slugs (D:2)
  6 orcs (D:3)
  4 endoplasms
  3 giant cockroaches
  6 goblins
  3 hobgoblins
  4 jackals (D:2)
  6 kobolds
  2 quokkas (D:1)
  2 ball pythons
  4 bats (D:2)
  2 frilled lizards
  6 rats
55 creatures vanquished.

Table legend:
 A = Non-vault XP
 B = Vault XP
 C = Vault XP percentage of total XP
 D = Non-vault monster count
 E = Vault monster count
 F = Vault count percentage of total count
                 A         B        C        D         E       F
            +---------+---------+-------+---------+---------+-------
      Total |     149 |      13 |   8.0 |      50 |       5 |   9.1
            +---------+---------+-------+---------+---------+-------
        D:1 |      14 |       0 |   0.0 |       9 |       0 |   0.0
        D:2 |      50 |      13 |  20.6 |      20 |       5 |  20.0
        D:3 |      37 |       0 |   0.0 |      15 |       0 |   0.0
        D:4 |      48 |       0 |   0.0 |       6 |       0 |   0.0
            +---------+---------+-------+---------+---------+-------

Illustrated notes

Table legend:
 A = Kills in this place as a percentage of kills in entire the game.
 B = Kills by you in this place as a percentage of kills by you in the entire game.
 C = Kills by friends in this place as a percentage of kills by friends in the entire game.
 D = Other kills in this place as a percentage of other kills in the entire game.
 E = Experience gained in this place as a percentage of experience gained in the entire game.
 F = Experience gained in this place divided by the number of levels of this place that you have seen.
                   A       B       C       D       E      F
               +-------+-------+-------+-------+-------+----------------------
         Total | 100.0 | 100.0 |   N/A |   N/A | 100.0 |  32.4
       Dungeon | 100.0 | 100.0 |   N/A |   N/A | 100.0 |  40.5
               +-------+-------+-------+-------+-------+----------------------

Table legend: (Time is in decaauts)
 A = Elapsed time spent in this place.
 B = Non-inter-level travel time spent in this place.
 C = Inter-level travel time spent in this place.
 D = Time resting spent in this place.
 E = Time spent auto-exploring this place.
 F = Levels seen in this place.
 G = Mean time per level.
                   A        B        C        D        E       F      G
               +--------+--------+--------+--------+--------+-----+--------+
         Total |   3119 |   2965 |    154 |     86 |   2330 |   5 |  623.8 |
       Dungeon |   3023 |   2876 |    147 |     86 |   2283 |   4 |  755.8 |
        Temple |     95 |     88 |      7 |      0 |     47 |   1 |   95.0 |
               +--------+--------+--------+--------+--------+-----+--------+

Top non-repeatable levels by time:
     D:2: 1173 daAuts
     D:3: 1089 daAuts
     D:1: 482 daAuts
     D:4: 278 daAuts
  Temple: 95 daAuts
